Get step-by-step instructions on how to execute this build order below. Start the game timer, and the build order will tick by so you can play in parallel with StarCraft on a second screen or mobile device.

Game Time

  0:00

Last Step

  N/A

Next Step

Upcoming Step



Don't want to look back and forth between 2 screens? Try out our Overwolf App, the Spawning Tool Build Advisor to get an in-game overlay with this build!

Complete Build Order

  12  0:00  Probe  
  13  0:13  Probe  
  14  0:20  Pylon  
  14  0:37  Assimilator  
  14  0:42  Gateway  
  14  0:46  Pylon  
  14  1:12  Assimilator  
  14  1:22  Probe  
  15  1:31  Cybernetics Core  
  15  1:34  Probe  
  16  1:46  Probe  
  17  1:58  Probe  
  18  2:08  Stalker  
  20  2:10  Probe  
  21  2:22  Probe